 Dungeon Crawl Stone Soup version 0.31-a0-977-gc230f8ef24 (webtiles) character file.

Game seed: 4377421053562676563

382 Arzdou the Magician (level 6, 0/32 HPs)
             Began as a Deep Elf Ice Elementalist on Oct 29, 2023.
             Slain by a phantom (6 damage)
             ... on level 4 of the Dungeon.
             The game lasted 00:06:57 (3779 turns).

Arzdou the Magician (Deep Elf Ice Elementalist)     Turns: 3779, Time: 00:06:58

Health: 0/32       AC:  4    Str:  5    XL:     6   Next: 47%
Magic:  14/17      EV: 12    Int: 22    God:
Gold:   289        SH:  0    Dex: 18    Spells: 11/18 levels left

rFire   + . .        (no weapon)
rCold   . . .        (no shield)
rNeg    . . .        r - +0 leather armour "Beptub" {Dex+3}
rPois   .            (no helmet)
rElec   .            (no cloak)
rCorr   .            d - +0 pair of gloves
SInv    .            (no boots)
Will    +....        o - amulet of magic regeneration
Stlth   ++           h - ring of protection from fire
HPRegen 0.25/turn    k - ring of willpower
MPRegen 0.55/turn

%: no passive effects
@: freezing walls
A: no striking features
a: no special abilities


You were on level 4 of the Dungeon.
You visited 1 branch of the dungeon, and saw 5 of its levels.

You collected 289 gold pieces.

Inventory:

Armour
 a - a +0 robe
 d - a +0 pair of gloves (worn)
 r - the +0 leather armour "Beptub" (worn) {Dex+3}
   (You found it on level 3 of the Dungeon)

   Dex+3:     It affects your dexterity (+3).
Jewellery
 h - a ring of protection from fire (left hand)
 k - a ring of willpower (right hand)
 o - an amulet of magic regeneration (around neck)
 q - a ring of wizardry
Scrolls
 f - a scroll of teleportation
 j - a scroll of poison
 l - a scroll of torment
 m - a scroll of enchant armour {unknown}
 n - a scroll of vulnerability {unknown}
 p - a scroll of silence {unknown}
 t - a scroll of revelation {unknown}
 u - 2 scrolls of fog {unknown}
 v - a scroll of blinking {unknown}
 w - a scroll of enchant weapon {unknown}
Potions
 b - 2 potions of magic
 c - 5 potions of curing {unknown}
 e - a potion of enlightenment {unknown}
 g - a potion of degeneration {unknown}
 i - a potion of lignification {unknown}
 s - a potion of invisibility {unknown}
 x - a potion of mutation {unknown}
 z - a potion of haste {unknown}


   Skills:
 - Level 3.0 Dodging
 - Level 3.0 Stealth
 + Level 6.6 Spellcasting
 + Level 6.6 Ice Magic


You had 11 spell levels left.
You knew the following spells:

 Your Spells              Type           Power      Damage    Failure   Level
a - Freeze                Ice            100%       1d10      1%          1
b - Frozen Ramparts       Ice            72%        1d11      2%          3
c - Ozocubu's Armour      Ice            36%        N/A       2%          3

Your spell library contained the following spells:

 Spells                   Type           Power      Damage    Failure   Level
 Summon Ice Beast         Ice/Summ       21%        N/A       36%         4


Dungeon Overview and Level Annotations

Branches:
Dungeon (5/15)
 Temple: D:4-7

Altars:
Trog

Annotations:
D:4 Grinder


Message History

A rat comes into view.
Found a trident and a dagger.
The moth of wrath's fur bristles in rage as it notices you.
A moth of wrath is nearby!
A moth of wrath is nearby!
You can't go up here!
A moth of wrath is nearby!
You can't go down here!
You can't go down here!
Press: ? - help, v - describe, . - travel A stone staircase leading down.
There is a stone staircase leading down here.
You climb downwards.
Found a fizzy coppery potion.
There is a stone staircase leading up here.
Grinder shouts!
The phantom hits you!
The phantom blinks!
You blink.
You stop ascending the stairs.
Unknown command.
Grinder says, "Wait up."
Grinder attacks as she pursues you! Grinder hits you!
You writhe in agony.
Grinder attacks as she pursues you! Grinder barely misses you.
There is a stone staircase leading up here.
The phantom barely misses you.
You climb upwards.
There is a stone staircase leading down here.
Unknown command.
Casting: Freeze (safe; 1% risk of failure)
Confirm with . or Enter, or press ? or * to list all spells.
Casting: Frozen Ramparts (dangerous; 2% risk of failure)
Press: ? - help, Dir - look around, f - activate A stone staircase leading down.
The walls around you are covered in ice.
The wall freezes Grinder but does no damage.
Grinder hits you!
* * * LOW HITPOINT WARNING * * *
You writhe in agony.
* * * LOW HITPOINT WARNING * * *
The phantom resists.
The wall freezes the phantom.
The phantom hits you.
You die...

.# .r..#....# #...#
.# .r.###...####
#...# .#
r_r#y#......# #.).#
.# ...###...##.#
#...# .#
)w..#....##.###...#
##
.........#....#...#
##
#.......#####.#...#
.#
###....##.##..W...#
########## .#
######.....@#..##
#......... .#
#.###....5...#
#.######## .## #.#
#.###.#### #.#
..######.###.# #.#
#.#
#............###.##
#.#
..######..........#
#.# .##
####..####.######.#
.#
#..............##
.#
#.#####.#####...##


You could see Grinder and a phantom.

Vanquished Creatures
  An ogre (D:4)
  An orc priest (D:3)
  Jessica (D:3)
  An iguana (D:4)
  2 orc wizards
  4 gnolls (D:4)
  3 adders
  3 worms
  4 dart slugs
  10 orcs
  6 ball pythons
  3 endoplasms
  5 giant cockroaches
  8 goblins
  4 hobgoblins
  8 quokkas
  4 bats
  A frilled lizard (D:1)
  9 kobolds
  A rat (D:2)
79 creatures vanquished.

Vanquished Creatures (others)
  A ghoul (D:1)
  2 vine stalkers (D:1)
  An elf (D:1)
  A troll (D:1)
  A formicid (D:1)
  A vampire (D:1)
  A naga (D:1)
  2 demigods (D:1)
  A dwarf (D:1)
  2 tengu (D:1)
  2 kobolds (D:1)
  5 tentacles (D:1)
20 creatures vanquished.

Grand Total: 99 creatures vanquished

Notes
Turn   | Place    | Note
-------+----------+-------------------------------------------
     0 | D:1      | Arzdou the Deep Elf Ice Elementalist began the quest for
                  | the Orb.
     0 | D:1      | Reached XP level 1. HP: 10/10 MP: 6/6
     2 | D:1      | Noticed a tengu
     2 | D:1      | Noticed a ghoul
     2 | D:1      | Noticed a vampire
     2 | D:1      | Noticed a demigod
     2 | D:1      | Noticed an elf
     2 | D:1      | Noticed a formicid
     2 | D:1      | Noticed a demigod
     2 | D:1      | Noticed a kraken
     2 | D:1      | Noticed a naga
     2 | D:1      | Noticed a dwarf
     2 | D:1      | Noticed a troll
     2 | D:1      | Noticed a vine stalker
     2 | D:1      | Noticed a tengu
     2 | D:1      | Noticed a vine stalker
     3 | D:1      | Killed a dwarf
     4 | D:1      | Killed an elf
     7 | D:1      | Killed a tengu
     7 | D:1      | Killed a troll
     7 | D:1      | Killed a demigod
    10 | D:1      | Killed a vampire
    11 | D:1      | Killed a demigod
    13 | D:1      | Killed a formicid
    14 | D:1      | Killed a ghoul
    15 | D:1      | Killed a vine stalker
    16 | D:1      | Killed a naga
    16 | D:1      | Killed a tengu
    17 | D:1      | Killed a vine stalker
   201 | D:1      | Reached XP level 2. HP: 15/15 MP: 6/8
  1167 | D:2      | Reached XP level 3. HP: 19/19 MP: 3/10
  1171 | D:2      | Learned a level 3 spell: Frozen Ramparts
  1175 | D:2      | Learned a level 3 spell: Ozocubu's Armour
  1414 | D:2      | Found a faded altar of an unknown god.
  1492 | D:2      | Reached skill level 5 in Ice Magic
  2107 | D:3      | Reached XP level 4. HP: 11/24 MP: 7/12
  2195 | D:3      | Identified the +0 leather armour "Beptub" {Dex+3}
  2583 | D:3      | Noticed Jessica
  2593 | D:3      | Killed Jessica
  2669 | D:3      | Reached skill level 5 in Spellcasting
  2669 | D:3      | Reached XP level 5. HP: 28/28 MP: 11/14
  3379 | D:4      | Reached XP level 6. HP: 23/32 MP: 13/17
  3751 | D:4      | Noticed a moth of wrath
  3754 | D:4      | Found a bloodstained altar of Trog.
  3771 | D:5      | Entered Level 5 of the Dungeon
  3771 | D:5      | Noticed Grinder
  3779 | D:4      | Slain by a phantom

Illustrated notes

Levels and vault maps discovered:
D:1:      nicolae_arrival_kraken_aquarium_b, layout_loops_ring
D:2:      layout_loops_ring, hellmonk_ecumenical_altar_defaced_shrine,
          serial_co_window_serial, co_window_corner_a, co_window_corner_a,
          co_window_paths_a, co_window_corner_a, co_window_corner_a,
          co_window_2corner, co_window_corner_cb, co_window_corner_cb,
          co_window_corner_b, co_window_broadway_a, co_window_paths_e,
          glass_columns_a, glass_columns_a, glass_columns_a, st_stairs_3,
          guppyfry_early_lair_pool
D:3:      layout_loops_ring, minmay_gold_behind_fungi, kennysheep_jessica_study
D:4:      layout_loops_ring, tgw_trog
D:5:      layout_cave_pods, minmay_temple_entry_hall, serial_shops,
          nicolae_square_shop, kennysheep_generic_room_15, uniq_grinder

Skill      XL: |  1  2  3  4  5 |
---------------+----------------+-----
Stealth        | 3 |  3.0
Dodging        | 3 |  3.0
Spellcasting   | 4 5 6 |  6.6
Ice Magic      | 5 6 |  6.6

Action                     |  1- 3 |  4- 6 || total
---------------------------+-------+-------++-------
  Melee: Unarmed           |    11 |     9 ||    20
   Cast: Freeze            |    62 |    53 ||   115
         Frozen Ramparts   |     2 |     6 ||     8
         Ozocubu's Armour  |       |     4 ||     4
    Use: Scroll            |       |     5 ||     5
 Armour: Robe              |    28 |       ||    28
         Leather armour    |       |    33 ||    33
  Dodge: Dodged            |    30 |    29 ||    59

Table legend: (Time is in decaauts)
 A = Elapsed time spent in this place.
 B = Non-inter-level travel time spent in this place.
 C = Inter-level travel time spent in this place.
 D = Time resting spent in this place.
 E = Time spent auto-exploring this place.
 F = Levels seen in this place.
 G = Mean time per level.
                   A        B        C        D        E       F      G
               +--------+--------+--------+--------+--------+-----+--------+
         Total |   3778 |   3663 |    115 |     61 |   3044 |   5 |  755.6 |
       Dungeon |   3778 |   3663 |    115 |     61 |   3044 |   5 |  755.6 |
               +--------+--------+--------+--------+--------+-----+--------+

Top non-repeatable levels by time:
     D:2: 1156 daAuts
     D:1: 921 daAuts
     D:3: 905 daAuts
     D:4: 788 daAuts
     D:5: 6 daAuts
